 Dungeon Crawl Stone Soup version 0.21.1-1-g345015f (webtiles) character file.

53 Solrac the Covered (level 3, -1/33 HPs)
             Began as a Minotaur Fighter on Mar 13, 2018.
             Killed from afar by an orc wizard (8 damage)
             ... with a magic dart
             ... on level 3 of the Dungeon.
             The game lasted 00:04:47 (1927 turns).

Solrac the Covered (Minotaur Fighter)               Turns: 1927, Time: 00:04:48

Health: -1/33      AC:  8    Str: 20    XL:     3   Next: 64%
Magic:  2/2        EV:  7    Int:  5    God:
Gold:   102        SH:  9    Dex: 10    Spells: 2/2 levels left

rFire    . . .     SeeInvis .   a - +0 flail
rCold    . . .     Gourm    .   c - +0 shield
rNeg     . . .     Faith    .   b - +0 scale mail
rPois    .         Spirit   .   (helmet restricted)
rElec    .         Reflect  .   (no cloak)
rCorr    .         Harm     .   (no gloves)
MR       .....                  (no boots)
Stlth    ..........             (no amulet)
HPRegen  0.11/turn              i - +1 ring of protection
MPRegen  0.08/turn              (no ring)

@: slowed, very slow
A: retaliatory headbutt, horns 2
a: no special abilities


You were on level 3 of the Dungeon.
You were not hungry.

You visited 1 branch of the dungeon, and saw 3 of its levels.

You collected 102 gold pieces.

Inventory:

Hand Weapons
 a - a +0 flail (weapon)
Missiles
 k - 53 stones (quivered)
Armour
 b - a +0 scale mail (worn)
 c - a +0 shield (worn)
Jewellery
 i - a +1 ring of protection (left hand)
 u - an uncursed ring of resist corrosion {unknown}
Scrolls
 e - 4 scrolls of enchant weapon {unknown}
 g - a scroll of remove curse {unknown}
 n - a scroll of noise {unknown}
 o - a scroll of magic mapping {unknown}
 r - 2 scrolls of identify {unknown}
Potions
 d - a potion of might
 h - 2 potions of heal wounds {unknown}
 j - 2 potions of lignification {unknown}
 l - a potion of degeneration {unknown}
 m - a potion of magic {unknown}
 q - 2 potions of ambrosia {unknown}
 s - a potion of brilliance {unknown}
Books
 p - a book of Minor Magic

   Spells                             Type                      Level
   a - Magic Dart                     Conjuration                  1
   b - Blink                          Translocation                2
   c - Call Imp                       Summoning                    2
   d - Slow                           Hexes                        2
   e - Conjure Flame                  Conjuration/Fire             3
   f - Mephitic Cloud                 Conjuration/Poison/Air       3
Comestibles
 f - 4 rations
 t - 3 chunks of flesh


   Skills:
 + Level 4.1 Fighting
 * Level 3.6 Maces & Flails
 + Level 4.1 Armour
 + Level 4.1 Shields


You had 2 spell levels left.
You didn't know any spells.

Dungeon Overview and Level Annotations

Branches:
Dungeon (3/15)

Altars:
Xom


Innate Abilities, Weirdness & Mutations

You reflexively headbutt those who attack you in melee.
You have a pair of horns on your head.


Message History

The orc wizard barely misses you.
The orc wizard hits you but does no damage.
You closely miss the orc wizard.
The orc wizard is severely wounded.
The orc wizard hits you but does no damage. x2
You hit the orc wizard.
The orc wizard is severely wounded.
The orc wizard gestures wildly while chanting.
The orc wizard blinks!
The orc wizard gestures at you while chanting.
The magic dart hits you!
* * * LOW HITPOINT WARNING * * *
You closely miss the orc wizard. You headbutt the orc wizard.
The orc wizard is almost dead.
The orc wizard hits you but does no damage. x2
You hit the orc wizard but do no damage.
The orc wizard is almost dead.
The orc wizard points at you and mumbles some strange words.
The magic dart hits you!
You die...

.##.## #... ....# ....#
... #...##### #)#
#....... #[# #
#..#.#.######.###.##
#..#.#.............#
#..#...............#
####........##..@o....#
......###...##.#####....
####.###....##.# ..#. #
#.# #........ .# #.#
#......... . #.#
#.#...#.## #.. .#......#
##### ......# ....##


You could see an orc wizard.

Vanquished Creatures
  An ooze (D:1)
  2 worms
  2 dart slugs
  A leopard gecko (D:2)
  4 orcs (D:3)
  6 bats
  A giant cockroach (D:1)
  2 goblins (D:2)
  2 hobgoblins (D:1)
  2 quokkas (D:3)
  2 frilled lizards (D:2)
  4 kobolds
  5 rats
34 creatures vanquished.

Notes
Turn   | Place    | Note
-------+----------+-------------------------------------------
     0 | D:1      | Solrac the Minotaur Fighter began the quest for the Orb.
     0 | D:1      | Reached XP level 1. HP: 19/19 MP: 0/0
   197 | D:1      | Reached XP level 2. HP: 27/27 MP: 1/1
  1037 | D:2      | Reached XP level 3. HP: 30/33 MP: 2/2
  1230 | D:2      | Found a shimmering altar of Xom.
  1262 | D:2      | Found a shimmering altar of Xom.
  1927 | D:3      | Killed from afar by an orc wizard

Skill      XL: |  1  2  3 |
---------------+----------+-----
Maces & Flails | 3 |  3.6
Armour         | 4 |  4.1
Fighting       | 4 |  4.1
Shields        | 4 |  4.1

Action                   || total
-------------------------++-------
Melee: Flail             ||    92
       Headbutt          ||    17
  Eat: Chunk             ||     3
Armor: Scale mail        ||    39
Dodge: Dodged            ||    23
Block: Shield            ||    35
